Unix NetHack Version 3.7.0-70 Work-in-progress - last build Jan 20 2023 02:37:49 (416de4da9be3a1557180d233d1398bca634ded6a,branch:master). Game began 2023-01-23 01:26:20, ended 2023-01-23 02:15:05. Gandelf, neutral male human Monk ----------- ----------- |.........| ---....|....| |.........| |>...00|00..| |.........| ---......0..| |....<....| |.1..|....| |.........| ---------.-| |........1| |.....|.0..| |.........| |....0|.01.| |.........| |..........| |+----------------....0|....| |.^^^^............@a...|....| ----------------------------- Gandelf the Initiate St:17 Dx:16 Co:11 In:7 Wi:16 Ch:11 Neutral S:5662 Dlvl:7 $:276 HP:0(50) Pw:40(40) AC:6 Xp:7/903 T:6443 Latest messages: With great effort you move the boulder. With great effort you move the boulder. With great effort you move the boulder. The boulder falls into and plugs a hole in the floor! With great effort you move the boulder. The boulder falls into and plugs a hole in the floor! With great effort you move the boulder. The boulder falls into and plugs a hole in the floor! With great effort you move the boulder. The boulder falls into and plugs a hole in the floor! With great effort you move the boulder. The boulder falls into and plugs a hole in the floor! You see here 2 food rations. There are 2 food rations here; eat one? [ynq] (n) y Blecch! Rotten food! You finish eating the food ration. n - a food ration (2 in total). With great effort you move the boulder. You try to move the boulder, but in vain. The boulder falls into and plugs a hole in the floor! With great effort you move the boulder. The boulder falls into and plugs a hole in the floor! With great effort you move the boulder. The boulder falls into and plugs a hole in the floor! With great effort you move the boulder. The boulder falls into and plugs a hole in the floor! With great effort you move the boulder. The boulder falls into and plugs a hole in the floor! With great effort you move the boulder. You try to move the boulder, but in vain. The boulder falls into and plugs a hole in the floor! You hit the soldier ant! The soldier ant bites! The soldier ant stings! You hit the soldier ant! The soldier ant bites! The soldier ant stings! The soldier ant's sting was poisoned! The poison doesn't seem to affect you. You kill the soldier ant! You hit the soldier ant! The soldier ant bites! The soldier ant stings! You hit the soldier ant! The soldier ant bites! The soldier ant stings! The soldier ant bites! The soldier ant stings! You die... Do you want your possessions identified? [ynq] (y) q Inventory: Coins $ - 276 gold pieces Weapons z - 3 +0 darts (at the ready) Armor a - an uncursed +2 pair of leather gloves (being worn) A - an uncursed +0 cloak of displacement (being worn) u - an uncursed +1 dwarvish cloak B - an uncursed +0 dwarvish cloak G - an uncursed +0 dwarvish cloak H - an uncursed +0 dwarvish cloak b - an uncursed +1 robe Comestibles n - 2 uncursed food rations m - an uncursed fortune cookie V - an uncursed tripe ration N - an uncursed lizard corpse Scrolls x - a blessed scroll of blank paper M - an uncursed scroll of confuse monster X - 3 uncursed scrolls of earth R - 2 uncursed scrolls of enchant armor p - 2 uncursed scrolls of enchant weapon o - an uncursed scroll of food detection F - an uncursed scroll of gold detection Z - 2 uncursed scrolls of light s - an uncursed scroll of magic mapping J - an uncursed scroll of remove curse Q - an uncursed scroll of stinking cloud q - an uncursed scroll of taming l - 2 uncursed scrolls of teleportation Spellbooks v - an uncursed spellbook of confuse monster c - a blessed spellbook of healing Potions O - a blessed potion of fruit juice i - an uncursed potion of hallucination e - 3 uncursed potions of water L - 2 uncursed potions of water P - 3 uncursed potions of water Rings I - an uncursed ring of cold resistance Wands U - a wand of nothing (0:6) T - a wand of polymorph (0:4) y - a wand of slow monster (0:5) t - a wand of striking (0:7) Tools f - an uncursed brass lantern j - a magic marker (0:78) S - an uncursed mirror d - a +0 pick-axe k - an uncursed skeleton key w - an uncursed tin whistle Gems/Stones E - an uncursed fluorite stone r - an uncursed jet stone D - an uncursed obsidian stone Y - 2 uncursed worthless pieces of black glass K - an uncursed worthless piece of green glass C - 2 uncursed worthless pieces of orange glass Gandelf the Monk's attributes: Background: You were an Initiate, a level 7 male human Monk. You were neutral, on a mission for Chih Sung-tzu who was opposed by Shan Lai Ching (lawful) and Huan Ti (chaotic). You were in Sokoban, on level 7. You entered the dungeon 6443 turns ago. It was nighttime. There was a new moon in effect when your adventure ended. You had 903 experience points, 377 more were needed to attain level 8. Your score was 5662 before end-of-game adjustments. Basics: You had 0 out of 50 hit points. You had all 40 energy points (spell power). Your armor class was 6. Your wallet contained 276 zorkmids. Autopickup was on for '$?!+/=' plus thrown. Final Characteristics: Your strength was 17 (peak:18, limit:18/100). Your dexterity was 16 (limit:18). Your constitution was 11 (limit:18). Your intelligence was 7 (limit:18). Your wisdom was 16 (peak:17, limit:18). Your charisma was 11 (limit:18). Final Status: You were not hungry. You were unencumbered. You were empty handed. You had basic skill with martial arts and could have enhanced that. Final Attributes: You were piously aligned. You were sleep resistant. You were poison resistant. You saw invisible. You were telepathic. You were warned. You were displaced. You were stealthy. You were warded. You were fast. Chih Sung-tzu was angry with you. You are dead. Miscellaneous: You never encountered a bones level. Total elapsed playing time was 48 minutes and 44 seconds. Major events: Turn 1: Gandelf the neutral male human Monk entered the dungeon 296: entered the Gnomish Mines 339: attained the rank of Novice (level 3) 1408: attained the rank of Initiate (level 6) 2381: read a Discworld novel 5962: entered Sokoban 6202: completed 1st Sokoban level 6443: killed by a soldier ant Vanquished creatures: a large mimic a human mummy 4 winter wolf cubs a leprechaun a vampire bat a lizard a dingo a raven a plains centaur a snake a soldier ant a water nymph an orc shaman 2 rock piercers a pony a fog cloud 3 yellow lights a shrieker 5 gnome leaders a gray ooze 7 giant ants a little dog 4 floating eyes a kitten 6 dwarves 2 homunculi 3 kobold leaders a kobold shaman a hill orc a giant bat a werejackal 2 iguanas a killer bee 2 hobbits a large kobold 2 hobgoblins 4 giant rats a cave spider a brown mold a yellow mold 2 red molds 15 gnomes 2 gnome zombies 6 geckos a fox 2 kobolds 7 goblins 2 grid bugs a bat 3 lichens 2 newts 116 creatures vanquished. No species were genocided or became extinct. Voluntary challenges: You never hit with a wielded weapon. You read items or engraved 5 times. You never engraved Elbereth. You never genocided any monsters. You never polymorphed an object. You never changed form. You used no wishes. You did not violate any of the special Sokoban rules. Achievements: You entered the Gnomish Mines. You attained the rank of Novice. You attained the rank of Initiate. You entered a shop. You read from a Discworld novel. You entered Sokoban. The Dungeons of Doom: levels 1 to 9 Level 1: An altar, some fountains. Level 2: Level 3: Level 4: A scroll shop. Stairs down to The Gnomish Mines. Level 5: A fountain, a grave. Level 6: Level 7: Level 8: Level 9: Stairs up to Sokoban, level 8. The Gnomish Mines: levels 5 to 8 Level 5: Level 6: Level 7: Level 8: Sokoban: levels 8 up to 7 Level 7: <- You were here. Unsolved. Final resting place for you, killed by a soldier ant. Level 8: Solved. Game over: ---------- / \ / REST \ / IN \ / PEACE \ / \ | Gandelf | | 276 Au | | killed by a | | soldier ant | | | | | | 2023 | *| * * * | * _________)/\\_//(\/(/\)/\//\/|_)_______ Goodbye Gandelf the Monk... You died in Sokoban on dungeon level 7 with 5635 points, and 276 pieces of gold, after 6443 moves. You were level 7 with a maximum of 50 hit points when you died.